 Dungeon Crawl Stone Soup version 0.20.1-1-g8b1a95d (webtiles) character file.

98 Lafeu the Shooter (level 4, -6/37 HPs)
             Began as a Minotaur Hunter on Oct 25, 2017.
             Mangled by a hobgoblin
             ... wielding a +0 club
             ... led by Robin
              (7 damage)
             ... on level 2 of the Dungeon.
             The game lasted 00:09:44 (1504 turns).

Lafeu the Shooter (Minotaur Hunter)                 Turns: 1504, Time: 00:09:45

Health: -6/37      AC:  3    Str: 16    XL:     4   Next: 43%
Magic:  3/3        EV: 12    Int:  8    God:
Gold:   4          SH:  0    Dex: 12    Spells: 3/3 levels left

rFire    . . .     SeeInvis .   a - +2 shortbow
rCold    . . .     Gourm    .   (shield currently unavailable)
rNeg     . . .     Faith    .   c - +0 leather armour
rPois    .         Spirit   .   (helmet restricted)
rElec    .         Reflect  .   (no cloak)
rCorr    .         Harm     .   (no gloves)
MR       .....                  (no boots)
Stlth    +.........             (no amulet)
Regen    0.2/turn               (no ring)
MPRegen  0.1/turn               (no ring)

@: no status effects
A: retaliatory headbutt, horns 2
a: no special abilities


You were on level 2 of the Dungeon.
You were hungry.

You visited 1 branch of the dungeon, and saw 3 of its levels.

You collected 4 gold pieces.

Inventory:

Hand Weapons
 a - a +2 shortbow (weapon)
 b - a +0 short sword
 q - a +3 spear
Missiles
 d - 6 arrows (quivered)
 g - 4 tomahawks
Armour
 c - a +0 leather armour (worn)
Jewellery
 i - an uncursed amulet of rage {unknown}
Scrolls
 j - a scroll of fear {unknown}
 n - 2 scrolls of remove curse
 o - a scroll of enchant armour {unknown}
 r - a scroll of amnesia {unknown}
Potions
 e - 3 potions of lignification {unknown}
 h - a potion of cancellation {unknown}
 k - 3 potions of flight
 m - a potion of mutation {unknown}
 p - a potion of agility {unknown}
Comestibles
 f - 5 bread rations
 l - 2 fruits


   Skills:
 + Level 2.9 Fighting
 + Level 6.0 Bows
 + Level 1.2 Armour
 + Level 2.5 Dodging
 + Level 0.7 Stealth


You had 3 spell levels left.
You didn't know any spells.

Dungeon Overview and Level Annotations

Branches:
Dungeon (3/15)

Altars:
Okawaru

Annotations:
D:3 Robin


Innate Abilities, Weirdness & Mutations

You reflexively headbutt those who attack you in melee.
You have a pair of horns on your head.


Message History

* * * LOW HITPOINT WARNING * * *
The hobgoblin barely misses you.
Firing (i - inventory. (,) - cycle):
d - 7 arrows (quivered)
Press: ? - help, Shift-Dir - straight line, f - goblin
Aim: a goblin You shoot an arrow.
The arrow closely misses the goblin.
The goblin barely misses you. You furiously retaliate!
You headbutt the goblin.
You kill the goblin!
Your Bows skill increases to level 6!
The goblin hits you but does no damage. The goblin barely misses you.
The goblin hits you with a club.
* * * LOW HITPOINT WARNING * * *
The hobgoblin hits you with a club.
* * * LOW HITPOINT WARNING * * *
The hobgoblin hits you with a club.
* * * LOW HITPOINT WARNING * * *
The goblin misses you. The goblin completely misses you.
You furiously retaliate!
You headbutt the goblin. The hobgoblin hits you with a club!
You die...

#.# #.#####.############# #.#
#.#.............# #.#
#.#.###.#######.# #.# ### #.#.#
#.# #.# #.#####.## ##.#.###.# #.#
#........###.(...##.#######.##
#######<###.#................#
#.####.#..g###......#..#
#######.##(.....@gg...###.#..#
#...............gg)..........#
..#####.##.#####.####.###.##.#
..# #.##.# #.# #.# #....# ..#
#.##.# #.# #.# #..### รท.# #....#
###.# #.# #..# #.#####..#####.#.#
#.# #..#
#.>......####.#..####.###..######
####.#.......###......#.........#


You could see 2 hobgoblins and 3 goblins.

Vanquished Creatures
  5 adders (D:2)
  2 worms
  3 dart slugs
  A leopard gecko (D:2)
  10 goblins
  5 hobgoblins
  A quokka (D:2)
  A ball python (D:1)
  3 bats
  5 frilled lizards (D:1)
  3 kobolds
  5 rats
44 creatures vanquished.

Notes
Turn   | Place    | Note
-------+----------+-------------------------------------------
     0 | D:1      | Lafeu the Minotaur Hunter began the quest for the Orb.
     0 | D:1      | Reached XP level 1. HP: 18/18 MP: 0/0
   197 | D:1      | Reached XP level 2. HP: 25/25 MP: 1/1
   412 | D:1      | Reached skill level 5 in Bows
   776 | D:2      | Reached XP level 3. HP: 27/30 MP: 2/2
   933 | D:2      | Found an iron altar of Okawaru.
   987 | D:2      | Reached skill level 1 in Armour
   987 | D:2      | Reached XP level 4. HP: 37/37 MP: 3/3
  1454 | D:3      | Noticed Robin
  1503 | D:2      | Reached skill level 6 in Bows
  1503 | D:2      | HP: 1/37 [hobgoblin/club[Robin] (3)]
  1504 | D:2      | Mangled by a hobgoblin

Skill      XL: |  1  2  3  4 |
---------------+-------------+-----
Bows           | 5 6 |  6.0
Armour         | 1 |  1.2
Fighting       | |  2.9
Dodging        | |  2.5
Stealth        | |  0.7

Action                   |  1- 3 |  4- 6 || total
-------------------------+-------+-------++-------
 Fire: Shortbow          |    62 |    35 ||    97
  Use: Scroll            |     5 |       ||     5
  Eat: Chunk             |       |     1 ||     1
Armor: Leather armour    |     7 |     2 ||     9
Dodge: Dodged            |    13 |    18 ||    31
